Rampage vs Punishers
(R1)
Created - May 18, 2022 at 20:43
Goals
|
| Rampage |
1 |
0 |
0 |
1 |
| Punishers |
1 |
1 |
0 |
2 |
|
Shots
|
| Rampage |
17 |
6 |
10 |
33 |
| Punishers |
12 |
9 |
7 |
28 |
|
1st period
1. Rampage , Travis Sanheim 9 (Dylan Sikura 2, Anthony Richard 3) at 11:41
2. Punishers , Carter Ashton 30 (Radek Faksa 50) at 19:15
Penalties :
Travis Sanheim (San) for Slashing (Minor) at 2:35, Nikita Gusev (Pro) for Tripping (Minor) at 9:28, Travis Sanheim (San) for Holding (Minor) at 11:59, Charlie McAvoy (San) for Holding (Minor) at 19:35
2nd period
3. Punishers , Carter Ashton 31 (Radek Faksa 51, Tyler Bertuzzi 44) at 2:24
Penalties :
Rourke Chartier (San) for High sticking (Minor) at 8:00, Alex Schoenborn (Pro) for Roughing (Minor) at 13:02, Jean-Sebastien Dea (San) for Hooking (Minor) at 17:52
3rd period
No Goal
Penalties :
Radek Faksa (Pro) for Interference (Minor) at 1:47, T.J. Tynan (San) for Hooking (Minor) at 5:09, Ben Betker (Pro) for Holding (Minor) at 7:28, Rourke Chartier (San) for Interference (Minor) at 14:46, Tyler Bertuzzi (Pro) for Holding (Minor) at 19:09, Travis Sanheim (San) for Tripping (Minor) at 19:46
Goalie Stats
Joni Ortio (San), 26 saves from 28 shots - (0.929), L, 11-7-1, 58:53 minutes
Daniel Altshuller (Pro), 32 saves from 33 shots - (0.970), W, 5-8-1, 60:00 minutes
Players Stats for Rampage
Player Name G A P +/- PIM S H SB GA TA FO MP PP MP PK MP
------------------------------------------------------------------------------------
Anthony Richard 0 1 1 1 0 0 1 0 0 0 4/6 8:00 0:00 1:26
Charlie McAvoy 0 0 0 -1 2 0 1 2 0 1 0/0 16:15 0:00 1:38
Collin Miller 0 0 0 0 0 2 2 0 0 1 0/0 21:49 3:45 7:58
Dominik Simon 0 0 0 0 0 1 3 0 2 0 0/1 11:08 0:14 1:31
Dylan Sikura 0 1 1 1 0 1 3 0 0 0 0/0 12:53 0:14 4:30
Ethan Bear 0 0 0 0 0 2 1 1 0 1 0/0 22:46 4:48 6:13
Jean-Sebastien Dea 0 0 0 0 2 0 1 1 0 0 5/11 11:51 3:59 0:00
Jordan Greenway 0 0 0 1 0 0 5 0 0 0 1/2 11:51 0:14 3:46
Jordan Kyrou 0 0 0 0 0 1 0 0 0 0 0/0 13:31 4:20 0:00
Kevan Miller 0 0 0 0 0 5 1 0 1 0 0/0 15:34 3:45 0:00
Nick Schmaltz 0 0 0 -2 0 1 1 1 0 1 0/3 14:53 3:59 0:00
Petr Straka 0 0 0 0 0 3 0 0 0 0 0/0 7:32 0:00 0:00
Roland McKeown 0 0 0 0 0 2 0 1 0 0 0/0 20:55 0:00 7:38
Rourke Chartier 0 0 0 -2 4 3 2 2 1 0 12/31 19:55 4:20 2:47
Ryan Lomberg 0 0 0 0 0 3 1 0 2 0 1/1 13:15 3:59 0:00
Steve Regier 0 0 0 -2 0 2 1 2 1 1 1/4 22:56 4:20 7:30
T.J. Tynan 0 0 0 0 2 1 2 2 0 1 9/14 15:52 0:00 6:16
Travis Sanheim 1 0 1 -1 6 6 1 1 1 0 0/0 24:50 4:47 4:19
Trent Frederic 0 0 0 0 0 0 0 0 0 0 0/0 0:00 0:00 0:00
Players Stats for Punishers
Player Name G A P +/- PIM S H SB GA TA FO MP PP MP PK MP
------------------------------------------------------------------------------------
Alex Schoenborn 0 0 0 0 2 1 0 1 0 0 0/0 4:44 0:01 0:00
Alexander Nylander 0 0 0 0 0 0 0 0 0 0 1/2 3:14 0:01 0:00
Anton Blidh 0 0 0 0 0 1 0 0 0 1 0/0 12:24 0:00 1:44
Artem Zub 0 0 0 0 0 1 1 4 1 1 0/0 28:39 7:36 5:14
Austen Brassard 0 0 0 0 0 0 2 0 0 0 0/1 17:51 6:05 0:00
Austin Wagner 0 0 0 0 0 0 1 0 0 0 0/0 0:47 0:00 0:37
Beck Malenstyn 0 0 0 0 0 0 0 0 0 0 0/2 2:04 0:00 2:04
Ben Betker 0 0 0 0 2 4 3 1 0 2 0/0 27:39 7:36 4:13
Carter Ashton 2 0 2 2 0 4 2 2 0 0 2/4 21:22 7:47 1:44
Chrstian Dvorak 0 0 0 0 0 3 2 0 0 0 0/1 19:34 6:05 1:51
Connor Clifton 0 0 0 1 0 0 3 0 0 1 0/0 21:31 6:17 3:29
Daniel Audette 0 0 0 0 0 2 1 2 0 0 3/7 10:20 0:00 0:49
Fredrik Claesson 0 0 0 1 0 2 1 0 1 0 0/0 22:00 6:17 3:49
Gabriel Gagne 0 0 0 0 0 0 0 0 0 0 0/0 0:03 0:01 0:00
John Quenneville 0 0 0 0 0 0 1 1 1 0 7/12 17:43 6:05 0:00
Michael Joly 0 0 0 0 0 1 1 0 0 0 1/1 9:11 0:00 0:00
Nicolas Roy 0 0 0 0 0 0 0 0 0 0 1/2 3:51 0:00 0:00
Nikita Gusev 0 0 0 -1 2 7 2 1 0 0 1/1 9:24 0:00 0:00
Niko Mikkola 0 0 0 0 0 0 1 0 0 0 0/0 10:07 0:00 0:21
Radek Faksa 0 2 2 1 2 1 0 1 2 3 20/32 24:20 7:47 4:01
Tyler Bertuzzi 0 1 1 1 2 1 0 0 1 0 4/8 24:21 7:47 4:16
3 Stars
1 - Carter Ashton (Pro)
2 - Daniel Altshuller (Pro)
3 - Dylan Sikura (San)
Power Play
Rampage - 0 on 5 Attempt(s) - 0.00%
Punishers - 0 on 8 Attempt(s) - 0.00%
Penalty Kill
Rampage - 8 on 8 Attempt(s) - 100.00%
- Score 0 goal in Penalty Kill
Punishers - 5 on 5 Attempt(s) - 100.00%
- Score 0 goal in Penalty Kill
Team Stat
Rampage - Hits : 26 - Faceoff Wins : 33 - Blocked Shots : 13 - Penalty Minutes : 16
Punishers - Hits : 21 - Faceoff Wins : 40 - Blocked Shots : 13 - Penalty Minutes : 10
Official
Referees : Chris Lee and Justin St. Pierre
Linesman : Julien Fournier and Tyson Baker
Game Notes
No Game Note
Finance
Level 1 -- Attendance: 1382 (69.10%) -- Ticket Income $55,280
Level 2 -- Attendance: 556 (55.60%) -- Ticket Income $11,120
Total Attendance: 1938 (64.60%)
Total Ticket Income: $66,400
Other Income: $3,320
Total Income: $69,720
Rampage
5 vs 5 Forward
Center Left Wing Right Wing Time % Phy DF OF
1 Rourke Chartier Steve Regier Nick Schmaltz 40 1 2 2
2 T.J. Tynan Ryan Lomberg Jordan Kyrou 30 1 2 2
3 Jean-Sebastien Dea Dominik Simon Petr Straka 20 1 2 2
4 Anthony Richard Jordan Greenway Dylan Sikura 10 1 2 2
5 vs 5 Defense
Defense Defense Time % Phy DF OF
1 Charlie McAvoy Travis Sanheim 40 1 2 2
2 Roland McKeown Ethan Bear 30 1 2 2
3 Kevan Miller Collin Miller 20 1 2 2
4 Kevan Miller Roland McKeown 10 1 2 2
PowerPlay Forward
Center Left Wing Right Wing Time % Phy DF OF
1 Rourke Chartier Steve Regier Jordan Kyrou 60 1 2 2
2 Jean-Sebastien Dea Ryan Lomberg Nick Schmaltz 40 1 2 2
PowerPlay Defense
Defense Defense Time % Phy DF OF
1 Ethan Bear Travis Sanheim 60 1 2 2
2 Kevan Miller Collin Miller 40 1 2 2
Penalty Kill 4 Players Forward
Center Wing Time % Phy DF OF
1 T.J. Tynan Steve Regier 60 1 2 2
2 Rourke Chartier Dylan Sikura 40 1 2 2
Penalty Kill 4 Players Defense
Defense Defense Time % Phy DF OF
1 Roland McKeown Collin Miller 60 1 2 2
2 Travis Sanheim Ethan Bear 40 1 2 2
Penalty Kill - 3 Players Forward
Forward Time % Phy DF OF
1 T.J. Tynan 60 1 2 2
2 Jean-Sebastien Dea 40 1 2 2
Penalty Kill - 3 Players Defense
Defense Defense Time % Phy DF OF
1 Roland McKeown Travis Sanheim 60 1 2 2
2 Collin Miller Ethan Bear 40 1 2 2
4 vs 4 Forward
Center Wing Time % Phy DF OF
1 Jean-Sebastien Dea Dylan Sikura 60 1 2 2
2 T.J. Tynan Ryan Lomberg 40 1 2 2
4 vs 4 Defense
Defense Defense Time % Phy DF OF
1 Roland McKeown Travis Sanheim 60 1 2 2
2 Collin Miller Charlie McAvoy 40 1 2 2
Last Minutes Offensive
Center Left Wing Right Wing Defense Defense
Rourke Chartier Ryan Lomberg Nick Schmaltz Ethan Bear Travis Sanheim
Last Minutes Defensive
Center Left Wing Right Wing Defense Defense
T.J. Tynan Steve Regier Dylan Sikura Roland McKeown Collin Miller
Goaltenders
Starting : Joni Ortio
Backup : Brandon Halverson
Extra Forwards
Normal : Dominik Simon, Jean-Sebastien Dea, Jordan Greenway - PP : Dominik Simon, Jean-Sebastien Dea - PK : Jordan Greenway
Extra Defensemen
Normal : Ethan Bear, Charlie McAvoy, Collin Miller - PP : Ethan Bear - PK : Charlie McAvoy, Collin Miller
Penalty Shots
Jordan Kyrou, Rourke Chartier, Dylan Sikura, Jean-Sebastien Dea, Nick Schmaltz
Scratches
Adam Clendening (Healthy), Artturi Lehkonen (Healthy), Jeremy Bracco (Healthy), Eamon McAdam (Healthy), Emil Larmi (Healthy)
Punishers
5 vs 5 Forward
Center Left Wing Right Wing Time % Phy DF OF
1 Radek Faksa Tyler Bertuzzi Carter Ashton 40 1 2 2
2 John Quenneville Chrstian Dvorak Austen Brassard 30 1 2 2
3 Daniel Audette Nikita Gusev Michael Joly 20 1 2 2
4 Nicolas Roy Anton Blidh Alex Schoenborn 10 1 2 2
5 vs 5 Defense
Defense Defense Time % Phy DF OF
1 Ben Betker Artem Zub 40 1 2 2
2 Fredrik Claesson Connor Clifton 30 1 2 2
3 Niko Mikkola Anton Blidh 20 1 2 2
4 Ben Betker Artem Zub 10 1 2 2
PowerPlay Forward
Center Left Wing Right Wing Time % Phy DF OF
1 Radek Faksa Tyler Bertuzzi Carter Ashton 60 1 2 2
2 John Quenneville Chrstian Dvorak Austen Brassard 40 1 2 2
PowerPlay Defense
Defense Defense Time % Phy DF OF
1 Ben Betker Artem Zub 60 1 2 2
2 Fredrik Claesson Connor Clifton 40 1 2 2
Penalty Kill 4 Players Forward
Center Wing Time % Phy DF OF
1 Tyler Bertuzzi Radek Faksa 60 1 2 2
2 Carter Ashton Chrstian Dvorak 40 1 2 2
Penalty Kill 4 Players Defense
Defense Defense Time % Phy DF OF
1 Ben Betker Artem Zub 60 1 2 2
2 Fredrik Claesson Connor Clifton 40 1 2 2
Penalty Kill - 3 Players Forward
Forward Time % Phy DF OF
1 Tyler Bertuzzi 60 1 2 2
2 Radek Faksa 40 1 2 2
Penalty Kill - 3 Players Defense
Defense Defense Time % Phy DF OF
1 Ben Betker Artem Zub 60 1 2 2
2 Fredrik Claesson Connor Clifton 40 1 2 2
4 vs 4 Forward
Center Wing Time % Phy DF OF
1 Tyler Bertuzzi Radek Faksa 60 1 2 2
2 Carter Ashton Chrstian Dvorak 40 1 2 2
4 vs 4 Defense
Defense Defense Time % Phy DF OF
1 Ben Betker Artem Zub 60 1 2 2
2 Fredrik Claesson Connor Clifton 40 1 2 2
Last Minutes Offensive
Center Left Wing Right Wing Defense Defense
Radek Faksa Tyler Bertuzzi Carter Ashton Ben Betker Artem Zub
Last Minutes Defensive
Center Left Wing Right Wing Defense Defense
Radek Faksa Tyler Bertuzzi Carter Ashton Ben Betker Artem Zub
Goaltenders
Starting : Daniel Altshuller
Backup : Louis Domingue
Extra Forwards
Normal : Alexander Nylander, Gabriel Gagne, Beck Malenstyn - PP : Alexander Nylander, Gabriel Gagne - PK : Beck Malenstyn
Extra Defensemen
Normal : Niko Mikkola, Fredrik Claesson, Connor Clifton - PP : Niko Mikkola - PK : Fredrik Claesson, Connor Clifton
Penalty Shots
Tyler Bertuzzi, Radek Faksa, Carter Ashton, Chrstian Dvorak, John Quenneville
Scratches
Corey Tropp (Healthy), Noah Juulsen (Fractured Metatarsal (Left Foot) Injury), Zack Hamill (Bruised Left Arm Injury), Connor Ingram (Healthy)
% Time on Ice - Rampage
Lines # - Real PCT - Wanted PCT - Time Play
Normal Forward
1 - 35% - 40% - 12:57
2 - 28% - 30% - 10:19
3 - 20% - 20% - 7:32
4 - 17% - 10% - 6:17
Normal Defense
1 - 37% - 40% - 13:51
2 - 32% - 30% - 12:02
3 - 23% - 20% - 8:31
4 - 7% - 10% - 2:41
PP Forward
1 - 53% - 60% - 4:34
2 - 47% - 40% - 3:59
PP Defense
1 - 56% - 60% - 4:48
2 - 44% - 40% - 3:45
PK Forward
1 - 68% - 60% - 9:23
2 - 32% - 40% - 4:30
PK Defense
1 - 53% - 60% - 7:23
2 - 47% - 40% - 6:30
PK3 Forward
1 - 0% - 60%
2 - 0% - 40%
PK3 Defense
1 - 0% - 60%
2 - 0% - 40%
44 Forward
1 - 100% - 60% - 0:13
2 - 0% - 40% - 0:00
44 Defense
1 - 100% - 60% - 0:13
2 - 0% - 40% - 0:00
Last Minute Offensive - 0:16
Last Minute Defensive - 0:00
Total
Forward - 60:00
Defense - 60:00
|
% Time on Ice - Punishers
Lines # - Real PCT - Wanted PCT - Time Play
Normal Forward
1 - 34% - 40% - 12:26
2 - 31% - 30% - 11:38
3 - 25% - 20% - 9:11
4 - 10% - 10% - 3:51
Normal Defense
1 - 44% - 40% - 16:15
2 - 31% - 30% - 11:23
3 - 26% - 20% - 9:28
4 - 0% - 10% - 0:00
PP Forward
1 - 56% - 60% - 7:48
2 - 44% - 40% - 6:05
PP Defense
1 - 55% - 60% - 7:36
2 - 45% - 40% - 6:17
PK Forward
1 - 80% - 60% - 6:49
2 - 20% - 40% - 1:44
PK Defense
1 - 65% - 60% - 5:35
2 - 35% - 40% - 2:58
PK3 Forward
1 - 0% - 60%
2 - 0% - 40%
PK3 Defense
1 - 0% - 60%
2 - 0% - 40%
44 Forward
1 - 100% - 60% - 0:13
2 - 0% - 40% - 0:00
44 Defense
1 - 100% - 60% - 0:13
2 - 0% - 40% - 0:00
Last Minute Offensive - 0:00
Last Minute Defensive - 0:15
Total
Forward - 60:00
Defense - 60:00
|
Play-by-Play
1st period
0:01 of 1st period - Radek Faksa wins face-off versus Nick Schmaltz in neutral zone.
0:47 of 1st period - Off-side.
0:48 of 1st period - Anthony Richard wins face-off versus Daniel Audette in neutral zone.
0:51 of 1st period - Wrist shot by Jordan Greenway.
0:51 of 1st period - Shot Misses the Net.
1:04 of 1st period - Wrist shot by Nikita Gusev.
1:04 of 1st period - Deflect By Michael Joly.
1:04 of 1st period - Shot Blocked by Ethan Bear.
1:04 of 1st period - Puck is out of play.
1:05 of 1st period - Alexander Nylander wins face-off versus Jean-Sebastien Dea in Rampage zone.
1:12 of 1st period - Snap shot by Petr Straka.
1:12 of 1st period - Shot Misses the Net.
1:14 of 1st period - Slapshot by Kevan Miller.
1:14 of 1st period - Stopped by Daniel Altshuller with a rebound.
1:16 of 1st period - Wrist shot by Dominik Simon.
1:16 of 1st period - Shot Misses the Net.
1:18 of 1st period - Slapshot by Collin Miller.
1:18 of 1st period - Stopped by Daniel Altshuller with a rebound.
1:20 of 1st period - Wrist shot by Petr Straka.
1:20 of 1st period - Stopped by Daniel Altshuller with a rebound.
1:22 of 1st period - Slapshot by Kevan Miller.
1:22 of 1st period - Stopped by Daniel Altshuller with a rebound.
1:52 of 1st period - Snap shot by Ryan Lomberg.
1:52 of 1st period - Shot Misses the Net.
1:54 of 1st period - Snap shot by Collin Miller.
1:54 of 1st period - Shot Misses the Net.
1:56 of 1st period - Snap shot by Ryan Lomberg.
1:56 of 1st period - Shot Misses the Net.
1:58 of 1st period - Slapshot by Collin Miller.
1:58 of 1st period - Stopped by Daniel Altshuller with a rebound.
2:00 of 1st period - Snap shot by Ryan Lomberg.
2:00 of 1st period - Stopped by Daniel Altshuller with a rebound.
2:18 of 1st period - Snap shot by Daniel Audette.
2:18 of 1st period - Stopped by Joni Ortio without a rebound.
2:19 of 1st period - Radek Faksa wins face-off versus Rourke Chartier in Rampage zone.
2:28 of 1st period - Snap shot by Radek Faksa.
2:28 of 1st period - Shot Blocked by Steve Regier.
2:30 of 1st period - Slapshot by Connor Clifton.
2:30 of 1st period - Shot Blocked by Steve Regier.
2:35 of 1st period - Minor Penalty to Travis Sanheim for Slashing.
2:36 of 1st period - Radek Faksa wins face-off versus T.J. Tynan in Rampage zone.
2:40 of 1st period - Backhand shot by Tyler Bertuzzi.
2:40 of 1st period - Shot Blocked by Roland McKeown.
2:42 of 1st period - Slapshot by Ben Betker.
2:42 of 1st period - Deflect By Radek Faksa.
2:42 of 1st period - Shot Misses the Net.
2:42 of 1st period - Puck is out of play.
2:43 of 1st period - T.J. Tynan wins face-off versus Radek Faksa in Rampage zone.
3:09 of 1st period - Snap shot by Rourke Chartier.
3:09 of 1st period - Shot Misses the Net.
4:29 of 1st period - Tyler Bertuzzi is hit by Jordan Greenway and loses puck.
4:35 of 1st period - Penalty to Travis Sanheim is over, Travis Sanheim is back on ice.
4:42 of 1st period - Wrist shot by Travis Sanheim.
4:42 of 1st period - Shot Misses the Net.
4:51 of 1st period - Snap shot by Ethan Bear.
4:51 of 1st period - Stopped by Daniel Altshuller with a rebound.
4:53 of 1st period - Wrist shot by Travis Sanheim.
4:53 of 1st period - Stopped by Daniel Altshuller with a rebound.
4:55 of 1st period - Wrist shot by Jordan Greenway.
4:55 of 1st period - Shot Misses the Net.
5:13 of 1st period - Snap shot by Dominik Simon.
5:13 of 1st period - Deflect By Artem Zub.
5:13 of 1st period - Stopped by Daniel Altshuller with a rebound.
5:28 of 1st period - Snap shot by Travis Sanheim.
5:28 of 1st period - Stopped by Daniel Altshuller without a rebound.
5:29 of 1st period - T.J. Tynan wins face-off versus Austen Brassard in Punishers zone.
5:36 of 1st period - Snap shot by T.J. Tynan.
5:36 of 1st period - Deflect By Ryan Lomberg.
5:36 of 1st period - Stopped by Daniel Altshuller with a rebound.
5:38 of 1st period - Snap shot by Ryan Lomberg.
5:38 of 1st period - Shot Misses the Net.
5:58 of 1st period - Fredrik Claesson is hit by Rourke Chartier and loses puck.
6:05 of 1st period - Wrist shot by Steve Regier.
6:05 of 1st period - Shot Misses the Net.
6:17 of 1st period - Anton Blidh is hit by Kevan Miller and loses puck.
6:56 of 1st period - Daniel Audette is hit by Anthony Richard and loses puck.
7:54 of 1st period - Ben Betker is hit by Dominik Simon and loses puck.
8:01 of 1st period - Dominik Simon is hit by Austin Wagner.
8:26 of 1st period - Ben Betker is hit by Dylan Sikura and loses puck.
8:48 of 1st period - Fredrik Claesson is hit by Charlie McAvoy and loses puck.
9:16 of 1st period - Jordan Kyrou is hit by Chrstian Dvorak and loses puck.
9:28 of 1st period - Minor Penalty to Nikita Gusev for Tripping.
9:29 of 1st period - Rourke Chartier wins face-off versus Tyler Bertuzzi in Punishers zone.
9:38 of 1st period - Slapshot by Travis Sanheim.
9:38 of 1st period - Stopped by Daniel Altshuller with a rebound.
9:59 of 1st period - Ben Betker is hit by Collin Miller and loses puck.
10:17 of 1st period - Icing by Nick Schmaltz.
10:18 of 1st period - Jean-Sebastien Dea wins face-off versus Carter Ashton in Rampage zone.
11:07 of 1st period - Slapshot by Steve Regier.
11:07 of 1st period - Stopped by Daniel Altshuller with a rebound.
11:09 of 1st period - Wrist shot by Rourke Chartier.
11:09 of 1st period - Stopped by Daniel Altshuller with a rebound.
11:11 of 1st period - Wrist shot by Steve Regier.
11:11 of 1st period - Shot Misses the Net.
11:28 of 1st period - Penalty to Nikita Gusev is over, Nikita Gusev is back on ice.
11:39 of 1st period - Slapshot by Dylan Sikura.
11:39 of 1st period - Stopped by Daniel Altshuller with a rebound.
11:41 of 1st period - Slapshot by Travis Sanheim.
11:41 of 1st period - Goal by Travis Sanheim - Rampage : 1 - Punishers : 0.
11:42 of 1st period - John Quenneville wins face-off versus Nick Schmaltz in neutral zone.
11:59 of 1st period - Minor Penalty to Travis Sanheim for Holding.
12:00 of 1st period - Steve Regier wins face-off versus Tyler Bertuzzi in Rampage zone.
12:33 of 1st period - Snap shot by John Quenneville.
12:33 of 1st period - Shot Hit the Post.
12:35 of 1st period - Slapshot by Ben Betker.
12:35 of 1st period - Shot Misses the Net.
13:59 of 1st period - Penalty to Travis Sanheim is over, Travis Sanheim is back on ice.
14:04 of 1st period - Travis Sanheim is hit by Daniel Audette and loses puck.
14:15 of 1st period - Snap shot by Rourke Chartier.
14:15 of 1st period - Stopped by Daniel Altshuller with a rebound.
14:17 of 1st period - Slapshot by Roland McKeown.
14:17 of 1st period - Shot Blocked by Artem Zub.
14:25 of 1st period - Dylan Sikura is hit by Nikita Gusev.
14:55 of 1st period - Wrist shot by Travis Sanheim.
14:55 of 1st period - Shot Blocked by Daniel Audette.
14:57 of 1st period - Slapshot by Travis Sanheim.
14:57 of 1st period - Shot Blocked by Ben Betker.
14:59 of 1st period - Slapshot by Roland McKeown.
14:59 of 1st period - Shot Blocked by Daniel Audette.
15:11 of 1st period - Wrist shot by Travis Sanheim.
15:11 of 1st period - Deflect By Dylan Sikura.
15:11 of 1st period - Shot Blocked by Artem Zub.
15:11 of 1st period - Puck is out of play.
15:12 of 1st period - Radek Faksa wins face-off versus Jean-Sebastien Dea in Punishers zone.
15:19 of 1st period - Wrist shot by Carter Ashton.
15:19 of 1st period - Shot Misses the Net.
15:58 of 1st period - T.J. Tynan is hit by Austen Brassard and loses puck.
16:05 of 1st period - Wrist shot by Chrstian Dvorak.
16:05 of 1st period - Stopped by Joni Ortio with a rebound.
16:31 of 1st period - Ryan Lomberg is hit by John Quenneville.
16:35 of 1st period - Fredrik Claesson is hit by Ryan Lomberg and loses puck.
17:19 of 1st period - Snap shot by Ryan Lomberg.
17:19 of 1st period - Shot Misses the Net.
17:22 of 1st period - Icing by Anton Blidh.
17:23 of 1st period - John Quenneville wins face-off versus Jean-Sebastien Dea in Punishers zone.
17:32 of 1st period - Chrstian Dvorak is hit by Dominik Simon and loses puck.
17:49 of 1st period - Austen Brassard is hit by Rourke Chartier and loses puck.
18:24 of 1st period - Backhand shot by Nikita Gusev.
18:24 of 1st period - Stopped by Joni Ortio with a rebound.
18:26 of 1st period - Snap shot by Connor Clifton.
18:26 of 1st period - Shot Blocked by Jean-Sebastien Dea.
18:28 of 1st period - Snap shot by Daniel Audette.
18:28 of 1st period - Stopped by Joni Ortio with a rebound.
18:32 of 1st period - Wrist shot by Nikita Gusev.
18:32 of 1st period - Stopped by Joni Ortio without a rebound.
18:33 of 1st period - Radek Faksa wins face-off versus Nick Schmaltz in Rampage zone.
18:34 of 1st period - Wrist shot by Tyler Bertuzzi.
18:34 of 1st period - Stopped by Joni Ortio without a rebound.
18:35 of 1st period - Rourke Chartier wins face-off versus Radek Faksa in Rampage zone.
18:51 of 1st period - Off-side.
18:52 of 1st period - Daniel Audette wins face-off versus Dominik Simon in neutral zone.
18:57 of 1st period - Snap shot by Nikita Gusev.
18:57 of 1st period - Shot Blocked by Charlie McAvoy.
18:59 of 1st period - Slapshot by Ben Betker.
18:59 of 1st period - Stopped by Joni Ortio with a rebound.
19:01 of 1st period - Slapshot by Ben Betker.
19:01 of 1st period - Stopped by Joni Ortio without a rebound.
19:02 of 1st period - Michael Joly wins face-off versus Jean-Sebastien Dea in Rampage zone.
19:13 of 1st period - Wrist shot by Nikita Gusev.
19:13 of 1st period - Stopped by Joni Ortio without a rebound.
19:14 of 1st period - Radek Faksa wins face-off versus Rourke Chartier in Rampage zone.
19:15 of 1st period - Wrist shot by Carter Ashton.
19:15 of 1st period - Goal by Carter Ashton - Rampage : 1 - Punishers : 1.
19:16 of 1st period - Rourke Chartier wins face-off versus Radek Faksa in neutral zone.
19:24 of 1st period - Off-side.
19:25 of 1st period - Radek Faksa wins face-off versus Rourke Chartier in neutral zone.
19:30 of 1st period - Wrist shot by Carter Ashton.
19:30 of 1st period - Stopped by Joni Ortio without a rebound.
19:31 of 1st period - Carter Ashton wins face-off versus Rourke Chartier in Rampage zone.
19:35 of 1st period - Minor Penalty to Charlie McAvoy for Holding.
19:36 of 1st period - Radek Faksa wins face-off versus Steve Regier in Rampage zone.
19:42 of 1st period - Snap shot by Radek Faksa.
19:42 of 1st period - Shot Blocked by T.J. Tynan.
19:44 of 1st period - Slapshot by Ben Betker.
19:44 of 1st period - Stopped by Joni Ortio without a rebound.
19:45 of 1st period - T.J. Tynan wins face-off versus Radek Faksa in Rampage zone.
Goals for this period are 1 for Rampage vs 1 for Punishers.
Shots for this period are 17 for Rampage vs 12 for Punishers.
2nd period
0:01 of 2nd period - T.J. Tynan wins face-off versus Radek Faksa in neutral zone.
1:18 of 2nd period - Slapshot by Dominik Simon.
1:18 of 2nd period - Shot Misses the Net.
1:20 of 2nd period - Slapshot by Roland McKeown.
1:20 of 2nd period - Shot Blocked by Radek Faksa.
1:22 of 2nd period - Slapshot by Roland McKeown.
1:22 of 2nd period - Shot Misses the Net.
1:24 of 2nd period - Snap shot by Dominik Simon.
1:24 of 2nd period - Shot Blocked by Carter Ashton.
1:26 of 2nd period - Snap shot by Roland McKeown.
1:26 of 2nd period - Deflect By Connor Clifton.
1:26 of 2nd period - Stopped by Daniel Altshuller with a rebound.
1:28 of 2nd period - Wrist shot by Roland McKeown.
1:28 of 2nd period - Shot Misses the Net.
1:35 of 2nd period - Penalty to Charlie McAvoy is over, Charlie McAvoy is back on ice.
1:52 of 2nd period - Slapshot by Alex Schoenborn.
1:52 of 2nd period - Stopped by Joni Ortio without a rebound.
1:53 of 2nd period - Daniel Audette wins face-off versus Rourke Chartier in Rampage zone.
1:56 of 2nd period - Wrist shot by Michael Joly.
1:56 of 2nd period - Stopped by Joni Ortio with a rebound.
1:58 of 2nd period - Slapshot by Niko Mikkola.
1:58 of 2nd period - Deflect By Nikita Gusev.
1:58 of 2nd period - Shot Misses the Net.
1:58 of 2nd period - Puck is out of play.
1:59 of 2nd period - Nikita Gusev wins face-off versus Steve Regier in Rampage zone.
2:00 of 2nd period - Wrist shot by Michael Joly.
2:00 of 2nd period - Shot Blocked by Travis Sanheim.
2:02 of 2nd period - Wrist shot by Nikita Gusev.
2:02 of 2nd period - Stopped by Joni Ortio with a rebound.
2:04 of 2nd period - Slapshot by Niko Mikkola.
2:04 of 2nd period - Shot Blocked by Nick Schmaltz.
2:06 of 2nd period - Slapshot by Anton Blidh.
2:06 of 2nd period - Shot Blocked by Rourke Chartier.
2:10 of 2nd period - Snap shot by Nikita Gusev.
2:10 of 2nd period - Stopped by Joni Ortio without a rebound.
2:11 of 2nd period - Radek Faksa wins face-off versus Rourke Chartier in Rampage zone.
2:20 of 2nd period - Slapshot by Carter Ashton.
2:20 of 2nd period - Shot Blocked by Charlie McAvoy.
2:22 of 2nd period - Snap shot by Radek Faksa.
2:22 of 2nd period - Shot Blocked by Rourke Chartier.
2:24 of 2nd period - Slapshot by Carter Ashton.
2:24 of 2nd period - Goal by Carter Ashton - Rampage : 1 - Punishers : 2.
2:25 of 2nd period - Tyler Bertuzzi wins face-off versus Rourke Chartier in neutral zone.
2:53 of 2nd period - Icing by Ben Betker.
2:54 of 2nd period - T.J. Tynan wins face-off versus John Quenneville in Punishers zone.
3:19 of 2nd period - Daniel Audette is hit by Ethan Bear and loses puck.
3:40 of 2nd period - Travis Sanheim is hit by Connor Clifton and loses puck.
4:44 of 2nd period - Wrist shot by Radek Faksa.
4:44 of 2nd period - Stopped by Joni Ortio with a rebound.
4:46 of 2nd period - Wrist shot by Carter Ashton.
4:46 of 2nd period - Shot Misses the Net.
4:48 of 2nd period - Snap shot by Ben Betker.
4:48 of 2nd period - Stopped by Joni Ortio without a rebound.
4:49 of 2nd period - Radek Faksa wins face-off versus T.J. Tynan in Rampage zone.
6:06 of 2nd period - Off-side.
6:07 of 2nd period - Radek Faksa wins face-off versus Rourke Chartier in neutral zone.
7:53 of 2nd period - Slapshot by Fredrik Claesson.
7:53 of 2nd period - Stopped by Joni Ortio without a rebound.
7:54 of 2nd period - Rourke Chartier wins face-off versus Daniel Audette in Rampage zone.
8:00 of 2nd period - Minor Penalty to Rourke Chartier for High sticking.
8:01 of 2nd period - T.J. Tynan wins face-off versus Carter Ashton in Rampage zone.
8:32 of 2nd period - Off-side.
8:33 of 2nd period - John Quenneville wins face-off versus Jordan Greenway in neutral zone.
9:04 of 2nd period - Ethan Bear is hit by Carter Ashton and loses puck.
9:59 of 2nd period - Connor Clifton is hit by Dominik Simon and loses puck.
10:00 of 2nd period - Penalty to Rourke Chartier is over, Rourke Chartier is back on ice.
10:17 of 2nd period - Off-side.
10:18 of 2nd period - Jean-Sebastien Dea wins face-off versus Radek Faksa in neutral zone.
10:25 of 2nd period - Snap shot by Dominik Simon.
10:25 of 2nd period - Deflect By Petr Straka.
10:25 of 2nd period - Shot Blocked by Carter Ashton.
10:25 of 2nd period - Puck is out of play.
10:26 of 2nd period - Rourke Chartier wins face-off versus Radek Faksa in Punishers zone.
10:27 of 2nd period - Wrist shot by Steve Regier.
10:27 of 2nd period - Stopped by Daniel Altshuller without a rebound.
10:28 of 2nd period - Radek Faksa wins face-off versus Steve Regier in Punishers zone.
10:40 of 2nd period - Wrist shot by Steve Regier.
10:40 of 2nd period - Shot Misses the Net.
10:42 of 2nd period - Snap shot by Rourke Chartier.
10:42 of 2nd period - Stopped by Daniel Altshuller with a rebound.
11:04 of 2nd period - Snap shot by John Quenneville.
11:04 of 2nd period - Shot Misses the Net.
11:18 of 2nd period - Slapshot by Kevan Miller.
11:18 of 2nd period - Stopped by Daniel Altshuller with a rebound.
11:20 of 2nd period - Snap shot by Dominik Simon.
11:20 of 2nd period - Shot Misses the Net.
11:22 of 2nd period - Wrist shot by Petr Straka.
11:22 of 2nd period - Stopped by Daniel Altshuller without a rebound.
11:23 of 2nd period - Rourke Chartier wins face-off versus Radek Faksa in Punishers zone.
11:36 of 2nd period - Wrist shot by Rourke Chartier.
11:36 of 2nd period - Shot Misses the Net.
11:42 of 2nd period - Rourke Chartier is hit by Connor Clifton and loses puck.
11:59 of 2nd period - Wrist shot by T.J. Tynan.
11:59 of 2nd period - Stopped by Daniel Altshuller without a rebound.
12:00 of 2nd period - John Quenneville wins face-off versus T.J. Tynan in Punishers zone.
12:00 of 2nd period - John Quenneville is hit by T.J. Tynan.
12:26 of 2nd period - Radek Faksa is hit by Steve Regier and loses puck.
12:51 of 2nd period - Slapshot by Alex Schoenborn.
12:51 of 2nd period - Shot Misses the Net.
13:02 of 2nd period - Minor Penalty to Alex Schoenborn for Roughing.
13:03 of 2nd period - Rourke Chartier wins face-off versus Tyler Bertuzzi in Punishers zone.
13:59 of 2nd period - Slapshot by Fredrik Claesson.
13:59 of 2nd period - Stopped by Joni Ortio with a rebound.
15:02 of 2nd period - Penalty to Alex Schoenborn is over, Alex Schoenborn is back on ice.
15:03 of 2nd period - Daniel Audette is hit by Dylan Sikura and loses puck.
15:14 of 2nd period - Anton Blidh is hit by Jordan Greenway and loses puck.
15:25 of 2nd period - Charlie McAvoy is hit by Chrstian Dvorak and loses puck.
15:43 of 2nd period - Charlie McAvoy is hit by Nikita Gusev and loses puck.
16:23 of 2nd period - Carter Ashton is hit by Jordan Greenway and loses puck.
16:36 of 2nd period - Fredrik Claesson is hit by Collin Miller and loses puck.
16:58 of 2nd period - Anton Blidh is hit by T.J. Tynan and loses puck.
17:11 of 2nd period - Rourke Chartier is hit by Niko Mikkola and loses puck.
17:45 of 2nd period - Snap shot by Petr Straka.
17:45 of 2nd period - Shot Misses the Net.
17:52 of 2nd period - Minor Penalty to Jean-Sebastien Dea for Hooking.
17:53 of 2nd period - Radek Faksa wins face-off versus T.J. Tynan in Rampage zone.
18:06 of 2nd period - Snap shot by Radek Faksa.
18:06 of 2nd period - Shot Blocked by T.J. Tynan.
18:24 of 2nd period - Roland McKeown is hit by Artem Zub and loses puck.
19:16 of 2nd period - Connor Clifton is hit by Travis Sanheim and loses puck.
19:52 of 2nd period - Penalty to Jean-Sebastien Dea is over, Jean-Sebastien Dea is back on ice.
Goals for this period are 0 for Rampage vs 1 for Punishers.
Shots for this period are 6 for Rampage vs 9 for Punishers.
3rd period
0:01 of 3rd period - Radek Faksa wins face-off versus Rourke Chartier in neutral zone.
0:22 of 3rd period - Icing by Rourke Chartier.
0:23 of 3rd period - T.J. Tynan wins face-off versus John Quenneville in Rampage zone.
0:23 of 3rd period - T.J. Tynan is hit by Connor Clifton.
0:51 of 3rd period - Slapshot by Nikita Gusev.
0:51 of 3rd period - Stopped by Joni Ortio without a rebound.
0:52 of 3rd period - Daniel Audette wins face-off versus Rourke Chartier in Rampage zone.
1:17 of 3rd period - Dominik Simon is hit by Carter Ashton.
1:23 of 3rd period - Slapshot by Collin Miller.
1:23 of 3rd period - Deflect By Dominik Simon.
1:23 of 3rd period - Shot Blocked by Artem Zub.
1:23 of 3rd period - Puck is out of play.
1:24 of 3rd period - Rourke Chartier wins face-off versus Radek Faksa in Punishers zone.
1:25 of 3rd period - Wrist shot by Steve Regier.
1:25 of 3rd period - Deflect By Nick Schmaltz.
1:25 of 3rd period - Stopped by Daniel Altshuller without a rebound.
1:26 of 3rd period - Radek Faksa wins face-off versus Rourke Chartier in Punishers zone.
1:47 of 3rd period - Minor Penalty to Radek Faksa for Interference.
1:48 of 3rd period - Tyler Bertuzzi wins face-off versus Rourke Chartier in Punishers zone.
2:13 of 3rd period - Ben Betker is hit by Jean-Sebastien Dea and loses puck.
3:47 of 3rd period - Penalty to Radek Faksa is over, Radek Faksa is back on ice.
3:56 of 3rd period - Snap shot by John Quenneville.
3:56 of 3rd period - Shot Misses the Net.
3:58 of 3rd period - Snap shot by Chrstian Dvorak.
3:58 of 3rd period - Stopped by Joni Ortio without a rebound.
3:59 of 3rd period - Anthony Richard wins face-off versus Chrstian Dvorak in Rampage zone.
4:06 of 3rd period - Snap shot by Anthony Richard.
4:06 of 3rd period - Shot Misses the Net.
4:08 of 3rd period - Backhand shot by Travis Sanheim.
4:08 of 3rd period - Stopped by Daniel Altshuller without a rebound.
4:09 of 3rd period - John Quenneville wins face-off versus Anthony Richard in Punishers zone.
4:09 of 3rd period - John Quenneville is hit by Jordan Greenway.
4:16 of 3rd period - Off-side.
4:17 of 3rd period - Radek Faksa wins face-off versus Rourke Chartier in neutral zone.
4:22 of 3rd period - Icing by Steve Regier.
4:23 of 3rd period - Rourke Chartier wins face-off versus Radek Faksa in Rampage zone.
4:23 of 3rd period - Rourke Chartier is hit by Ben Betker.
4:55 of 3rd period - Slapshot by Chrstian Dvorak.
4:55 of 3rd period - Stopped by Joni Ortio without a rebound.
4:56 of 3rd period - T.J. Tynan wins face-off versus John Quenneville in Rampage zone.
5:09 of 3rd period - Minor Penalty to T.J. Tynan for Hooking.
5:10 of 3rd period - Jordan Greenway wins face-off versus Radek Faksa in Rampage zone.
5:10 of 3rd period - Jordan Greenway is hit by Ben Betker.
5:57 of 3rd period - Slapshot by Roland McKeown.
5:57 of 3rd period - Stopped by Daniel Altshuller with a rebound.
6:16 of 3rd period - Icing by Chrstian Dvorak.
6:17 of 3rd period - Anthony Richard wins face-off versus John Quenneville in Punishers zone.
7:09 of 3rd period - Penalty to T.J. Tynan is over, T.J. Tynan is back on ice.
7:12 of 3rd period - T.J. Tynan is hit by Ben Betker.
7:24 of 3rd period - Wrist shot by T.J. Tynan.
7:24 of 3rd period - Shot Blocked by Artem Zub.
7:26 of 3rd period - Wrist shot by Dominik Simon.
7:26 of 3rd period - Shot Blocked by Nikita Gusev.
7:28 of 3rd period - Minor Penalty to Ben Betker for Holding.
7:29 of 3rd period - Tyler Bertuzzi wins face-off versus Rourke Chartier in Punishers zone.
7:56 of 3rd period - Ethan Bear is hit by Fredrik Claesson and loses puck.
8:05 of 3rd period - Snap shot by Carter Ashton.
8:05 of 3rd period - Stopped by Joni Ortio without a rebound.
8:06 of 3rd period - Tyler Bertuzzi wins face-off versus Jean-Sebastien Dea in Rampage zone.
8:53 of 3rd period - Wrist shot by Carter Ashton.
8:53 of 3rd period - Shot Misses the Net.
9:00 of 3rd period - Icing by Nick Schmaltz.
9:01 of 3rd period - Ryan Lomberg wins face-off versus Tyler Bertuzzi in Rampage zone.
9:17 of 3rd period - Slapshot by Travis Sanheim.
9:17 of 3rd period - Stopped by Daniel Altshuller without a rebound.
9:18 of 3rd period - Carter Ashton wins face-off versus Rourke Chartier in Punishers zone.
9:28 of 3rd period - Penalty to Ben Betker is over, Ben Betker is back on ice.
9:44 of 3rd period - Off-side.
9:45 of 3rd period - John Quenneville wins face-off versus Anthony Richard in neutral zone.
9:47 of 3rd period - Off-side.
9:48 of 3rd period - Anthony Richard wins face-off versus John Quenneville in neutral zone.
10:44 of 3rd period - Slapshot by Travis Sanheim.
10:44 of 3rd period - Deflect By Anthony Richard.
10:44 of 3rd period - Shot Misses the Net.
10:44 of 3rd period - Puck is out of play.
10:45 of 3rd period - Radek Faksa wins face-off versus Rourke Chartier in Punishers zone.
11:39 of 3rd period - Off-side.
11:40 of 3rd period - Radek Faksa wins face-off versus Rourke Chartier in neutral zone.
11:51 of 3rd period - Tyler Bertuzzi is hit by Nick Schmaltz and loses puck.
12:13 of 3rd period - Snap shot by Petr Straka.
12:13 of 3rd period - Stopped by Daniel Altshuller with a rebound.
12:29 of 3rd period - Snap shot by Jordan Kyrou.
12:29 of 3rd period - Stopped by Daniel Altshuller with a rebound.
12:31 of 3rd period - Wrist shot by Ryan Lomberg.
12:31 of 3rd period - Shot Blocked by John Quenneville.
13:02 of 3rd period - Icing by Artem Zub.
13:03 of 3rd period - Rourke Chartier wins face-off versus Daniel Audette in Punishers zone.
13:14 of 3rd period - Slapshot by Steve Regier.
13:14 of 3rd period - Shot Misses the Net.
13:30 of 3rd period - Slapshot by Artem Zub.
13:30 of 3rd period - Stopped by Joni Ortio with a rebound.
14:14 of 3rd period - Off-side.
14:15 of 3rd period - Nicolas Roy wins face-off versus Jean-Sebastien Dea in neutral zone.
14:24 of 3rd period - Snap shot by Anton Blidh.
14:24 of 3rd period - Stopped by Joni Ortio without a rebound.
14:25 of 3rd period - Radek Faksa wins face-off versus Rourke Chartier in Rampage zone.
14:46 of 3rd period - Minor Penalty to Rourke Chartier for Interference.
14:47 of 3rd period - T.J. Tynan wins face-off versus Radek Faksa in Rampage zone.
15:12 of 3rd period - Austen Brassard is hit by Dylan Sikura and loses puck.
16:01 of 3rd period - Icing by John Quenneville.
16:02 of 3rd period - John Quenneville wins face-off versus T.J. Tynan in Punishers zone.
16:13 of 3rd period - Carter Ashton is hit by Jordan Greenway and loses puck.
16:46 of 3rd period - Penalty to Rourke Chartier is over, Rourke Chartier is back on ice.
17:02 of 3rd period - Slapshot by Fredrik Claesson.
17:02 of 3rd period - Deflect By Nikita Gusev.
17:02 of 3rd period - Shot Misses the Net.
17:02 of 3rd period - Puck is out of play.
17:03 of 3rd period - Jean-Sebastien Dea wins face-off versus Nicolas Roy in Rampage zone.
17:35 of 3rd period - Slapshot by T.J. Tynan.
17:35 of 3rd period - Shot Blocked by Alex Schoenborn.
17:49 of 3rd period - Snap shot by Nikita Gusev.
17:49 of 3rd period - Stopped by Joni Ortio without a rebound.
17:50 of 3rd period - Jean-Sebastien Dea wins face-off versus Daniel Audette in Rampage zone.
17:50 of 3rd period - Jean-Sebastien Dea is hit by Michael Joly.
18:41 of 3rd period - Jordan Greenway is hit by Austen Brassard and loses puck.
18:48 of 3rd period - Rampage, Joni Ortio is pulled from the net.
19:02 of 3rd period - Wrist shot by Ryan Lomberg.
19:02 of 3rd period - Stopped by Daniel Altshuller with a rebound.
19:04 of 3rd period - Slapshot by Kevan Miller.
19:04 of 3rd period - Deflect By Artem Zub.
19:04 of 3rd period - Stopped by Daniel Altshuller with a rebound.
19:06 of 3rd period - Slapshot by Kevan Miller.
19:06 of 3rd period - Stopped by Daniel Altshuller without a rebound.
19:07 of 3rd period - Teemu Selanne call a timeout for Rampage.
19:07 of 3rd period - Radek Faksa wins face-off versus Rourke Chartier in Punishers zone.
19:09 of 3rd period - Minor Penalty to Tyler Bertuzzi for Holding.
19:10 of 3rd period - Rourke Chartier wins face-off versus Beck Malenstyn in Punishers zone.
19:10 of 3rd period - Wrist shot by Steve Regier.
19:10 of 3rd period - Shot Misses the Net.
19:12 of 3rd period - Slapshot by Ethan Bear.
19:12 of 3rd period - Stopped by Daniel Altshuller without a rebound.
19:13 of 3rd period - Rourke Chartier wins face-off versus Beck Malenstyn in Punishers zone.
19:46 of 3rd period - Minor Penalty to Travis Sanheim for Tripping.
19:47 of 3rd period - Joni Ortio from Rampage was sent back in the game.
19:47 of 3rd period - Jean-Sebastien Dea wins face-off versus Alexander Nylander in Rampage zone.
19:52 of 3rd period - Rampage, Joni Ortio is pulled from the net.
Goals for this period are 0 for Rampage vs 0 for Punishers.
Shots for this period are 10 for Rampage vs 7 for Punishers.
Output by the SimonT Hockey Simulator (STHS) for Francois Prevost